 Dungeon Crawl Stone Soup version 0.28-a0-1555-g9ae15a6949 (webtiles) character file.

Game seed: 15438972927800634651

387 hashsling the Conjurer (level 6, -4/45 HPs)
             Began as a Demigod Conjurer on Jan 18, 2022.
             Slain by Bediveer's ghost (9 damage)
             ... on level 3 of the Dungeon.
             The game lasted 00:06:35 (4165 turns).

hashsling the Conjurer (Demigod Conjurer)           Turns: 4165, Time: 00:06:37

Health: -4/45      AC:  8    Str:  8    XL:     6   Next: 24%
Magic:  0/13       EV: 13    Int: 28    God:
Gold:   58         SH:  0    Dex: 12    Spells: 5/11 levels left

rFire   . . .      SeeInvis .   u - +0 trident
rCold   . . .      Faith    .   (no shield)
rNeg    . . .      Spirit   .   a - +0 robe
rPois   .          Reflect  .   (no helmet)
rElec   .          Harm     .   t - +0 cloak
rCorr   .          Rampage  .   (no gloves)
Will    .....                   c - +0 pair of boots
Stlth   ++........              (no amulet)
HPRegen 0.15/turn               f - +4 ring of protection
MPRegen 0.13/turn               (no ring)

@: no status effects
A: high mp 1, forlorn, divine attributes
a: no special abilities


You were on level 3 of the Dungeon.
You visited 1 branch of the dungeon, and saw 3 of its levels.

You collected 58 gold pieces.

Inventory:

Hand Weapons
 s - a +3 quarterstaff of chaos
 u - a +0 trident (weapon)
Missiles
 d - 12 arrows
 h - 37 bolts
 r - 2 datura-tipped darts
Armour
 a - a +0 robe (worn)
 c - a +0 pair of boots (worn)
 t - a +0 cloak (worn)
Jewellery
 f - a +4 ring of protection (left hand)
 i - a ring of positive energy
Scrolls
 b - 2 scrolls of fog {unknown}
 g - 2 scrolls of enchant weapon {unknown}
 j - 2 scrolls of teleportation {unknown}
 k - a scroll of immolation {unknown}
 p - 2 scrolls of identify {unknown}
 q - 2 scrolls of fear {unknown}
Potions
 l - a potion of curing {unknown}
 m - a potion of brilliance {unknown}
 o - a potion of ambrosia {unknown}


   Skills:
 + Level 3.4 Dodging
 + Level 3.7 Stealth
 + Level 3.2 Spellcasting
 + Level 4.7 Conjurations


You had 5 spell levels left.
You knew the following spells:

 Your Spells              Type           Power      Damage    Failure   Level
a - Magic Dart            Conj           100%       1d8       1%          1
b - Searing Ray           Conj           62%        2d6       1%          2
c - Dazzling Flash        Conj/Hex       34%        N/A       9%          3

Your spell library contained the following spells:

 Spells                   Type           Power      Damage    Failure   Level
 Fulminant Prism          Conj/Hex       8%         3d7       30%         4
 Iskenderun's Mystic Bla  Conj/Tloc      17%        2d5       30%         4
 Summon Ice Beast         Ice/Summ       4%         N/A       63%         4
 Summon Mana Viper        Hex/Summ       4%         N/A       92%         5
 Monstrous Menagerie      Summ           2%         N/A       100%        7


Dungeon Overview and Level Annotations

Branches:
Dungeon (3/15)

Annotations:
D:3 Bediveer's ghost, novice MiFi


Innate Abilities, Weirdness & Mutations

You have an increased reservoir of magic. (+10% MP)
You shall have no god before yourself.
Your divine heritage dramatically boosts your attributes as you level up.


Message History

Bediveer's ghost hits you! Bediveer's ghost closely misses you.
Casting: Searing Ray (safe; 1% risk of failure)
Confirm with . or Enter, or press ? or * to list all spells.
Aiming: Magic Dart (safe; 1% risk of failure)
Press: ? - help, Shift-Dir - straight line, f/p - Bediveer's ghost
Aim: Bediveer's ghost (moderately damaged, 100% to hit)
The magic dart hits Bediveer's ghost but does no damage.
Bediveer's ghost is moderately damaged.
Bediveer's ghost barely misses you.
Unknown command.
Casting: Magic Dart (safe; 1% risk of failure)
Confirm with . or Enter, or press ? or * to list all spells.
Aiming: Magic Dart (safe; 1% risk of failure)
Press: ? - help, Shift-Dir - straight line, f/p - Bediveer's ghost
Aim: Bediveer's ghost (moderately damaged, 100% to hit)
The magic dart hits Bediveer's ghost but does no damage.
Bediveer's ghost is moderately damaged.
Bediveer's ghost whispers, "There is no future for you."
Bediveer's ghost hits you.
You closely miss Bediveer's ghost.
Bediveer's ghost is moderately damaged.
Bediveer's ghost hits you!
You hit Bediveer's ghost but do no damage.
Bediveer's ghost is moderately damaged.
Bediveer's ghost wails, "You will join me soon!"
Bediveer's ghost hits you.
You hit Bediveer's ghost but do no damage.
Bediveer's ghost is moderately damaged.
Bediveer's ghost hits you!
* * * LOW HITPOINT WARNING * * *
Casting: Magic Dart (safe; 1% risk of failure)
Confirm with . or Enter, or press ? or * to list all spells.
Aiming: Magic Dart (safe; 1% risk of failure)
Press: ? - help, Shift-Dir - straight line, f/p - Bediveer's ghost
Aim: Bediveer's ghost (moderately damaged, 100% to hit)
The magic dart hits Bediveer's ghost but does no damage.
Bediveer's ghost is moderately damaged.
Bediveer's ghost hits you!
You die...

####.######.......#####.# ##....
............#####.# #.# #.....
####.######.>..##.#####.## #..._.
# #.# ######.........# #..... ##
#.# ##≈.###.#####..####.... .#
#.# #.#.≈#............##...
.###.# ##≈.8.#...####..########
.....# #.!.≈.W...# #).#
..#########≈.#.'@..####..# ######
.........#..≈..#.........# #.....
.........###..§#..######.###....#
.##########≈##.#### #........# .#
##### ## ## #.####...# .###...##
#.# ##.## .##.###.## #.# #.##
.#.## ##.# ######################
...# #.# #...................#.


You could see Bediveer's ghost.

Vanquished Creatures
  Grinder (D:3)
  A wyvern zombie (D:3)
  Crazy Yiuf (D:3)
  3 adders
  3 worms
  7 ball pythons
  8 bats
  10 endoplasms
  4 giant cockroaches
  10 hobgoblins
  4 jackals (D:3)
  2 quokkas
  6 frilled lizards (D:1)
  5 goblins
  4 kobolds
  6 rats
75 creatures vanquished.

Notes
Turn   | Place    | Note
-------+----------+-------------------------------------------
     0 | D:1      | hashsling the Demigod Conjurer began the quest for the Orb.
     0 | D:1      | Reached XP level 1. HP: 14/14 MP: 5/5
   376 | D:1      | Reached XP level 2. HP: 14/20 MP: 0/7
  1417 | D:2      | Reached XP level 3. HP: 26/26 MP: 5/8
  1428 | D:2      | Learned a level 2 spell: Searing Ray
  1432 | D:2      | Learned a level 3 spell: Dazzling Flash
  2192 | D:2      | Reached skill level 4 in Conjurations
  2678 | D:3      | Reached XP level 4. HP: 33/33 MP: 2/10
  2858 | D:3      | Noticed Grinder
  2864 | D:3      | Paralysed by Grinder for 7 turns
  2894 | D:3      | Paralysed by Grinder for 2 turns
  2896 | D:3      | Killed Grinder
  2897 | D:3      | Reached XP level 5. HP: 19/38 MP: 1/12
  3476 | D:3      | Reached XP level 6. HP: 8/45 MP: 3/13
  3754 | D:3      | Found a runed translucent door.
  3755 | D:3      | Noticed Crazy Yiuf
  3764 | D:3      | Killed Crazy Yiuf
  3992 | D:3      | Found a large runed translucent door.
  4006 | D:3      | Found a large runed translucent door.
  4009 | D:3      | Noticed Bediveer's ghost (novice MiFi)
  4165 | D:3      | Slain by Bediveer's ghost

Illustrated notes

Levels and vault maps discovered:
D:1:      minmay_arrival_floating_metal, layout_basic, minmay_misc_feat_pillars,
          grunt_decor_mini_mirrors, minmay_misc_feat_four_crosses, st_stairs_14
D:2:      layout_loops_corners, kennysheep_generic_room_3
D:3:      layout_loops_ring, lemuel_coloured_pillars_altar, lemuel_round_altar,
          old_standard_altar, hellmonk_ecumenical_altar_dog_temple,
          ebering_ghost_disaster_area, minmay_splitting_lines,
          uniq_crazy_yiuf_cottage, uniq_grinder

Skill      XL: |  1  2  3  4 |
---------------+-------------+-----
Stealth        | 2 3 |  3.7
Dodging        | 2 3 |  3.4
Spellcasting   | 2 3 |  3.2
Conjurations   | 4 |  4.7

Action                   |  1- 3 |  4- 6 || total
-------------------------+-------+-------++-------
Melee: Unarmed           |     3 |       ||     3
       Short sword       |     1 |     4 ||     5
       Spear             |       |    14 ||    14
       Trident           |       |     3 ||     3
 Cast: Magic Dart        |   103 |    55 ||   158
       Searing Ray       |       |     7 ||     7
       Dazzling Flash    |       |     1 ||     1
Armor: Robe              |       |     5 ||     5
Dodge: Dodged            |     2 |    23 ||    25

Table legend: (Time is in decaauts)
 A = Elapsed time spent in this place.
 B = Non-inter-level travel time spent in this place.
 C = Inter-level travel time spent in this place.
 D = Time resting spent in this place.
 E = Time spent auto-exploring this place.
 F = Levels seen in this place.
 G = Mean time per level.
                   A        B        C        D        E       F      G
               +--------+--------+--------+--------+--------+-----+--------+
         Total |   4184 |   4074 |    110 |      0 |   3666 |   3 | 1394.7 |
       Dungeon |   4184 |   4074 |    110 |      0 |   3666 |   3 | 1394.7 |
               +--------+--------+--------+--------+--------+-----+--------+

Top non-repeatable levels by time:
     D:3: 1704 daAuts
     D:1: 1408 daAuts
     D:2: 1071 daAuts
